cohdb
Replays
Latest Replays
All Replays
Popular Replays
Top Player Replays
Match Explorer
How It Works
Community
CoH3 Stats
Reddit
Sign in to upload your games and track your stats! →
Sign in with Steam
5 Tiger, 3 Archer, many bishops 4v4
Match 31496220
Overview
Messages
Build Orders
End
Construct Infanterie Kompanie
Selects Breakthrough Battlegroup
Selects Assault Grenadiers
Grenadier Squad
MG 42 Machine Gun Team
Grenadier Squad
GrW 34 Mortar Team
Medical Station
Construct Luftwaffe Kompanie
Jäger Squad
Jäger Squad
Support Elements
Selects Smoke Bombing Run
Jäger Squad
Wirbelwind Flakpanzer
Selects Incendiary Bombing Run
Selects 2.5-tonne Cargo Truck
Construct Panzergrenadier Kompanie
Incendiary Bombing Run
Panzergrenadier Squad
StuG III G Assault Gun
Nebelwerfer 42 Rocket Launcher Team
Incendiary Bombing Run
Incendiary Bombing Run
Pioneer Squad
Panzergrenadier Squad
Selects Blitzkrieg
Incendiary Bombing Run
Pak 40 Anti-tank Gun Team
Construct Panzer Kompanie
Incendiary Bombing Run
Stoßtruppen Squad
Selects Tiger Heavy Tank
Smoke Bombing Run
Tiger Heavy Tank
Pioneer Squad
Stoßtruppen Squad
Incendiary Bombing Run
Jäger Squad
Smoke Bombing Run
Panzer Officer Quarters
Luftwaffe Officer Quarters
Tiger Heavy Tank
Incendiary Bombing Run
Pioneer Squad
Nebelwerfer 42 Rocket Launcher Team
Smoke Bombing Run
Stoßtruppen Squad
Incendiary Bombing Run
Stoßtruppen Squad
Brezelbube
<<THE SERGEANT>>
Black Prior
PROSCO
Speedbird
Khayyam
danceM
Barbar Jinks
0
0
Comments
sign in to comment!
No comments posted yet!